 Dungeon Crawl Stone Soup version 0.19.1 (webtiles) character file.

98 danny2772 the Shooter (level 4, 0/30 HPs)
             Began as a High Elf Hunter on Nov 27, 2016.
             Was a Priest of Uskayaw.
             Slain by an orc wizard
             ... wielding a +0 dagger
              (1 damage)
             ... on level 3 of the Dungeon.
             The game lasted 00:12:02 (1654 turns).

danny2772 the Shooter (High Elf Hunter)             Turns: 1654, Time: 00:12:03

Health: 0/30       AC:  3    Str: 11    XL:     4   Next: 44%
Magic:  5/5        EV: 12    Int: 14    God:    Uskayaw [***...]
Gold:   64         SH:  0    Dex: 17    Spells: 0 memorised, 3 levels left

rFire  . . .     SeeInvis .     b - +0 short sword
rCold  . . .     Gourm    .     c - +0 leather armour
rNeg   . . .     Faith    .     (no shield)
rPois  .         Spirit   .     (no helmet)
rElec  .         Reflect  .     (no cloak)
rCorr  .         Harm     .     (no gloves)
MR     .....                    (no boots)
Stlth  ++........               (no amulet)
                                (no ring)
                                (no ring)

@: no status effects
A: no striking features
a: Stomp, Line Pass, Renounce Religion


You were on level 3 of the Dungeon.
You worshipped Uskayaw.
Uskayaw was noncommittal.
You were not hungry.

You visited 1 branch of the dungeon, and saw 3 of its levels.

You collected 64 gold pieces.

Inventory:

Hand Weapons
 a - a +1 shortbow
 b - a +0 short sword (weapon)
 h - a +0 dagger
 y - a +0 long sword
 A - a +0 club
 B - a +0 dagger
 C - a +0 hunting sling
Missiles
 d - 2 arrows
 g - 22 bolts
 l - 100 stones (quivered)
Armour
 c - a +0 leather armour (worn)
 m - a +0 robe
 r - a +0 robe
 u - a +0 robe of positive energy
Scrolls
 e - 2 scrolls of identify {unknown}
 n - a scroll of immolation {unknown}
 p - a scroll of teleportation {unknown}
 s - a scroll of enchant weapon {unknown}
 t - a scroll of magic mapping {unknown}
 z - a scroll of fog {unknown}
Potions
 i - a potion of heal wounds {unknown}
 j - a potion of curing {unknown}
 k - a potion of lignification {unknown}
 o - a potion of invisibility {unknown}
 w - a potion of haste {unknown}
 x - 2 potions of might {unknown}
Comestibles
 f - 2 bread rations
 q - a royal jelly
 v - 2 meat rations


   Skills:
 + Level 2.4 Fighting
 + Level 7.2 Bows
 + Level 0.6 Armour
 + Level 2.5 Dodging
 + Level 1.1 Stealth


You had 3 spell levels left.
You didn't know any spells.

Dungeon Overview and Level Annotations

Branches:
Dungeon (3/15)

Altars:
Cheibriados
Dithmenos
Nemelex Xobeh
Uskayaw
Zin
The Shining One


Message History

The orc wizard is moderately wounded.
The orc wizard casts a spell at you. The magic dart hits you!
The orc wizard barely misses you.
You barely miss the orc wizard.
The orc wizard is moderately wounded.
The orc wizard gestures at you while chanting.
The magic dart hits you!
* * * LOW HITPOINT WARNING * * *
You hit the orc wizard.
The orc wizard is heavily wounded.
The orc wizard points at you and mumbles some strange words.
The puff of frost hits you!
* * * LOW HITPOINT WARNING * * *
You closely miss the orc wizard.
The orc wizard is heavily wounded.
The orc wizard hits you but does no damage.
You hit the orc wizard.
The orc wizard is severely wounded.
The orc wizard hits you with a dagger.
You die...

...(. #. #....
.....>
#.#######....
....((
#............
......####
#...###....
...).....
+......>...
........##
#...###.### #..#
#...# #.#
#########[####...#
#.#
.......@o........#
#.#
######...........#
... #...........#
... #.......#####
... ##.#........
#.#.#.#####
#.#.... #.#..#.#
#.$ ..


You could see an orc wizard.

Vanquished Creatures
  Jessica (D:2)
  2 adders (D:2)
  An ooze (D:2)
  A worm (D:2)
  2 leopard geckos (D:1)
  2 orcs (D:3)
  A giant cockroach (D:2)
  6 goblins
  3 hobgoblins (D:1)
  4 jackals (D:3)
  7 kobolds
  A ball python (D:1)
  6 bats
  A frilled lizard (D:3)
  3 rats
41 creatures vanquished.

Notes
Turn   | Place    | Note
-------+----------+-------------------------------------------
     0 | D:1      | danny2772 the High Elf Hunter began the quest for the Orb.
     0 | D:1      | Reached XP level 1. HP: 14/14 MP: 2/2
   126 | D:1      | Reached XP level 2. HP: 19/19 MP: 3/3
   580 | D:1      | Reached skill level 6 in Bows
   738 | D:2      | Found a faded altar of an unknown god.
   770 | D:2      | Became a worshipper of Uskayaw the Reveler
   770 | D:2      | Reached * piety under Uskayaw
   800 | D:2      | Reached XP level 3. HP: 24/24 MP: 4/4
   958 | D:2      | Found a glowing silver altar of Zin.
   968 | D:2      | Reached ** piety under Uskayaw
  1110 | D:2      | Found a sparkling altar of Nemelex Xobeh.
  1111 | D:2      | Found a glowing golden altar of the Shining One.
  1111 | D:2      | Noticed Jessica
  1113 | D:2      | Found a snail-covered altar of Cheibriados.
  1113 | D:2      | Found a shadowy altar of Dithmenos.
  1118 | D:2      | Killed Jessica
  1118 | D:2      | Reached XP level 4. HP: 15/30 MP: 5/5
  1125 | D:2      | Reached skill level 7 in Bows
  1642 | D:3      | Reached *** piety under Uskayaw
  1652 | D:3      | HP: 1/30 [orc wizard/puff of frost (9)]
  1654 | D:3      | Slain by an orc wizard

Skill      XL: |  1  2  3  4 |
---------------+-------------+-----
Bows           | 6 7 |  7.2
Fighting       | |  2.4
Armour         | |  0.6
Dodging        | |  2.5
Stealth        | |  1.1

Action                   |  1- 3 |  4- 6 || total
-------------------------+-------+-------++-------
Melee: Short sword       |       |    22 ||    22
 Fire: Shortbow          |    61 |    26 ||    87
 Stab: Paralysed         |       |     1 ||     1
  Eat: Bread ration      |       |     1 ||     1
Armor: Leather armour    |     7 |     8 ||    15
Dodge: Dodged            |    28 |    15 ||    43
